 Dungeon Crawl Stone Soup version 0.28.0-1-gb440e238dd (webtiles) character file.

Game seed: 335129369687198696

18 zeram the Ducker (level 2, -1/16 HPs)
             Began as a Spriggan Fighter on Feb 27, 2022.
             Slain by an adder (3 damage)
             ... on level 2 of the Dungeon.
             The game lasted 00:00:37 (608 turns).

zeram the Ducker (Spriggan Fighter)                  Turns: 608, Time: 00:00:37

Health: -1/16      AC:  2    Str: 12    XL:     2   Next: 48%
Magic:  3/3        EV: 17    Int:  9    God:
Gold:   30         SH:  6    Dex: 14    Spells: 1/1 levels left

rFire   . . .      SeeInvis +   a - +0 rapier
rCold   . . .      Faith    .   c - +0 buckler
rNeg    . . .      Spirit   .   b - +0 robe
rPois   .          Reflect  .   (helmet restricted)
rElec   .          Harm     .   (no cloak)
rCorr   .          Rampage  .   (gloves unavailable)
Will    .....                   (boots unavailable)
Stlth   +.........              (no amulet)
HPRegen 0.05/turn               (no ring)
MPRegen 0.08/turn               (no ring)

@: very quick
A: very small, no large weapons, unfitting armour, see invisible, speed 3
a: no special abilities


You were on level 2 of the Dungeon.
You visited 1 branch of the dungeon, and saw 2 of its levels.

You collected 30 gold pieces.

Inventory:

Hand Weapons
 a - a +0 rapier (weapon)
Armour
 b - a +0 robe (worn)
 c - a +0 buckler (worn)
Scrolls
 f - a scroll of enchant armour {unknown}
 h - a scroll of torment {unknown}
Potions
 d - a potion of might
 e - a potion of attraction {unknown}
 g - a potion of heal wounds {unknown}
 i - a potion of flight {unknown}


   Skills:
 - Level 2.4 Fighting
 + Level 2.5 Short Blades
 + Level 4.4 Dodging
 * Level 2.5 Shields


You had one spell level left.
You didn't know any spells.
Your spell library was empty.

Dungeon Overview and Level Annotations

Branches:
Dungeon (1/15)

Altars:


Innate Abilities, Weirdness & Mutations

You are very small and have problems with some larger weapons.
You are too small for most types of armour.
You have supernaturally acute eyesight. (SInv)
You cover ground extremely quickly. (Speed+++)


Message History

You hit the endoplasm.
You kill the endoplasm!
No target in view!
No target in view!
No target in view!
No target in view!
No target in view!
No target in view!
No target in view!
No target in view!
No target in view!
No target in view!
No target in view!
No target in view!
You open the door.
A goblin comes into view. It is wielding a +0 dagger.
The goblin shouts!
The goblin unwields a +0 dagger.
The goblin wields a +0 hunting sling.
The goblin shoots a stone.
The stone misses you.
An adder comes into view.
There are monsters nearby!
There are monsters nearby!
There are monsters nearby!
Found a scratched bronze ring.
Found a stone staircase leading down.
The adder hisses angrily.
The goblin shoots a stone.
The stone hits you.
There is an open door here.
The goblin unwields a +0 hunting sling.
The goblin wields a +0 dagger.
The goblin barely misses you.
You closely miss the goblin. The goblin hits you with a +0 dagger.
The adder closely misses you.
You hit the adder.
The adder is lightly wounded.
The adder misses you. The goblin hits you with a +0 dagger.
You hit the adder but do no damage.
The adder is lightly wounded.
The adder bites you. The goblin hits you with a +0 dagger.
* * * LOW HITPOINT WARNING * * *
The adder bites you.
You die...

....##.# #...##.####
#........... #.#.(.....#
#........... ..#.##.##.#
#>.....=....
..#.##....###...........
###.#####...............
..........###...........
..##.###### #...Sg......
#.##.# #...@.......
#.##.# #...........
#.##.# ##'#########
.....# #.# .....#
######.# .....# #......#
....^# #.###### #'####
#.# #.# #####.#


You could see an adder and a goblin.

Vanquished Creatures
  A dart slug (D:1)
  A bat (D:1)
  An endoplasm (D:2)
  3 goblins (D:1)
  3 hobgoblins
  A kobold (D:2)
  A quokka (D:1)
  2 rats
13 creatures vanquished.

Notes
Turn   | Place    | Note
-------+----------+-------------------------------------------
     0 | D:1      | zeram the Spriggan Fighter began the quest for the Orb.
     0 | D:1      | Reached XP level 1. HP: 11/11 MP: 2/2
    93 | D:1      | Reached XP level 2. HP: 12/16 MP: 3/3
   455 | D:1      | You fall into a shaft and drop 1 floor!
   608 | D:2      | Slain by an adder

Illustrated notes

Levels and vault maps discovered:
D:1:      minmay_arrival_stair_chambers, layout_basic, serial_shops,
          nicolae_shop_advertising_works [nicolae_subvault_shop_adworks]
D:2:      layout_basic, hellmonk_ecumenical_altar_blasted, grunt_decor_cap

Action                   || total
-------------------------++-------
Melee: Rapier            ||    54
Armor: Robe              ||     7
Dodge: Dodged            ||    37
Block: Buckler           ||    12
